 Dungeon Crawl Stone Soup version 0.28-a0-872-g80cf8599ee (webtiles) character file.

Game seed: 13406172851460039101

266 Zonian the Chiller (level 6, -2/41 HPs)
             Began as a Demonspawn Ice Elementalist on Nov 20, 2021.
             Slain by a sky beast (4 damage)
             ... on level 3 of the Dungeon.
             The game lasted 00:16:15 (7438 turns).

Zonian the Chiller (Demonspawn Ice Elementalist)    Turns: 7438, Time: 00:16:15

Health: -2/41      AC:  2    Str:  5 (8)  XL:     6   Next: 0%
Magic:  5/10       EV: 12    Int: 15 (18) God:
Gold:   169        SH:  0    Dex: 13 (14) Spells: 10/11 levels left

rFire   . . .      SeeInvis .   c - +1 dagger
rCold   . . .      Faith    .   (no shield)
rNeg    . . .      Spirit   .   a - +0 robe
rPois   .          Reflect  .   (no helmet)
rElec   .          Harm     .   (no cloak)
rCorr   .          Rampage  .   (no gloves)
Will    .....                   (no boots)
Stlth   ++........              (no amulet)
HPRegen 0.13/turn               (no ring)
MPRegen 0.24/turn               (no ring)

@: no status effects
A: magic regeneration, demonic magic 2, weakness stinger 1
a: no special abilities


You were on level 3 of the Dungeon.
You visited 1 branch of the dungeon, and saw 4 of its levels.

You collected 169 gold pieces.

Inventory:

Hand Weapons
 c - a +1 dagger (weapon)
 d - a +0 mace
 i - a +0 hunting sling
Missiles
 f - 17 poisoned darts
 l - 8 sling bullets
Armour
 a - a +0 robe (worn)
 n - a +0 leather armour
Jewellery
 k - a ring of poison resistance
Wands
 j - a wand of polymorph (4)
Scrolls
 b - 3 scrolls of identify
 g - 2 scrolls of amnesia
 h - 2 scrolls of blinking
Potions
 m - a potion of might
 o - a potion of degeneration


   Skills:
 - Level 0.1 Fighting
 - Level 0.1 Short Blades
 + Level 3.0 Dodging
 + Level 3.2 Stealth
 + Level 3.3 Spellcasting
 + Level 4.7 Ice Magic


You had 10 spell levels left.
You knew the following spells:

 Your Spells              Type           Power      Damage    Failure   Level
a - Freeze                Ice            64%        1d8       2%          1

Your spell library contained the following spells:

 Spells                   Type           Power      Damage    Failure   Level
 Frozen Ramparts          Ice            32%        1d5       9%          3
 Ozocubu's Armour         Ice            16%        N/A       9%          3
 Ensorcelled Hibernation  Hex/Ice        18%        N/A       11%         2
 Shock                    Conj/Air       8%         1d3       21%         1
 Spider Form              Tmut/Pois      2%         N/A       52%         3
 Swiftness                Air            2%         N/A       52%         3
 Hailstorm                Conj/Ice       9%         3d4       58%         4
 Airstrike                Air            1%         N/A       89%         4


Dungeon Overview and Level Annotations

Branches:
Dungeon (4/15)
 Temple: D:4-7

Altars:

Shops:
D:2 [

Annotations:
D:3 1 runed translucent door, murtidash's ghost, amateur TeAE
D:4 Eustachio; Pargi


Innate Abilities, Weirdness & Mutations

You regenerate magic rapidly.
Spells you cast may paralyse nearby enemies.
You have a small tail.


Message History

The hound barely misses you. The hound closely misses you.
The sky beast flickers out of sight!
Deactivating autopickup; reactivate with Ctrl-A.
Casting: Freeze (safe; 2% risk of failure)
Confirm with . or Enter, or press ? or * to list all spells.
Aiming: Freeze (safe; 2% risk of failure)
Press: ? - help, Shift-Dir - straight line, f/p - hound
Aim: a hound (severely wounded)
You freeze the hound.
The hound is almost dead.
Malevolent energies surge around you. The hound barely misses you.
Unknown command.
Casting: Freeze (safe; 2% risk of failure)
Confirm with . or Enter, or press ? or * to list all spells.
Aiming: Freeze (safe; 2% risk of failure)
Press: ? - help, Shift-Dir - straight line, f/p - hound
Aim: a hound (almost dead)
You freeze the hound!
You kill the hound!
Malevolent energies surge around you.
Your Dodging skill increases to level 3!
You have reached level 6!
Your experience leads to an increase in your attributes!
Increase (S)trength, (I)ntelligence, or (D)exterity?
You feel clever.
Unknown command.
Casting: Freeze (safe; 2% risk of failure)
Confirm with . or Enter, or press ? or * to list all spells.
Aiming: Freeze (safe; 2% risk of failure)
Press: ? - help, Shift-Dir - straight line You freeze something.
Malevolent energies surge around you. Something hits you.
* * * LOW HITPOINT WARNING * * *
Something shocks you.
* * * LOW HITPOINT WARNING * * *
Unknown command.
It was a potion of degeneration.
There was something very wrong with that liquid.
You feel weakened.
You feel dopey.
You feel clumsy. Something hits you.
You die...

#.>.###.####.###.###..# #
#.#...................#######
#..Y###.###.####.##......()(.
###.# #.# #.####.##..########
#.###.###..................
#....#....####.############
#####.##### #.# #
#.########.# #....{@....#
############


There were no monsters in sight!

Vanquished Creatures
  A howler monkey (D:4)
  A hound (D:3)
  A jelly (D:4)
  An orc priest (D:3)
  5 adders
  2 worms (D:3)
  A dart slug (D:4)
  6 orcs
  6 ball pythons
  2 endoplasms
  A giant cockroach (D:3)
  5 goblins
  13 hobgoblins
  8 jackals
  2 quokkas
  5 bats (D:3)
  6 frilled lizards (D:2)
  6 kobolds
  4 rats
76 creatures vanquished.

Notes
Turn   | Place    | Note
-------+----------+-------------------------------------------
     0 | D:1      | Zonian the Demonspawn Ice Elementalist began the quest for
                  | the Orb.
     0 | D:1      | Reached XP level 1. HP: 13/13 MP: 3/3
   663 | D:1      | Reached skill level 4 in Ice Magic
   712 | D:1      | Gained mutation: Spells you cast may paralyse adjacent
                  | enemies. [demonic ancestry]
   712 | D:1      | Reached XP level 2. HP: 9/19 MP: 1/5
  1227 | D:1      | Found a faded altar of an unknown god.
  1914 | D:2      | Found Tobug's Antique Armour Shop.
  2081 | D:2      | Gained mutation: You regenerate magic rapidly. [demonic
                  | ancestry]
  2081 | D:2      | Reached XP level 3. HP: 15/24 MP: 3/6
  4020 | D:3      | Gained mutation: Spells you cast may paralyse nearby
                  | enemies. [demonic ancestry]
  4020 | D:3      | Reached XP level 4. HP: 26/30 MP: 3/7
  5000 | D:3      | Found a runed translucent door.
  5002 | D:3      | Noticed murtidash's ghost (amateur TeAE)
  5024 | D:3      | Noticed a sky beast
  6170 | D:4      | Discovered your monstrous ancestry.
  6170 | D:4      | Gained mutation: You have a small tail. [demonic ancestry]
  6170 | D:4      | Reached XP level 5. HP: 12/35 MP: 6/9
  6595 | D:4      | Noticed Pargi
  6646 | D:4      | Noticed a phantom
  7084 | D:4      | Noticed Eustachio
  7437 | D:3      | Reached XP level 6. HP: 12/41 MP: 6/10
  7437 | D:3      | HP: 2/41 [something (6)]
  7438 | D:3      | Slain by a sky beast

Illustrated notes

Levels and vault maps discovered:
D:1:      lightli_arrival_lavapool, layout_loops_cross,
          shapermc_ecumenical_altar_pompeii
D:2:      layout_loops_ring, serial_shops, nicolae_square_shop,
          minmay_hedge_maze, nicolae_concentric_dashed_squares_wild
D:3:      layout_loops_ring, ebering_ghost_sewer_d
D:4:      layout_basic, minmay_surrounded, uniq_eustachio, uniq_pargi

Skill      XL: |  1  2  3  4  5 |
---------------+----------------+-----
Ice Magic      | 4 |  4.7
Stealth        | 2 3 |  3.2
Dodging        | 2 3 |  3.0
Spellcasting   | 3 |  3.3
Fighting       | |  0.1
Short Blades   | |  0.1

Action                   |  1- 3 |  4- 6 || total
-------------------------+-------+-------++-------
Melee: Dagger            |    92 |    71 ||   163
       Tailslap          |       |     2 ||     2
Throw: Dart              |     2 |     1 ||     3
 Cast: Freeze            |    42 |    34 ||    76
  Use: Scroll            |     2 |     8 ||    10
       Potion            |       |     1 ||     1
 Stab: Sleeping          |     8 |     2 ||    10
       Paralysed         |     9 |    10 ||    19
       Distracted        |     1 |     2 ||     3
Armor: Robe              |    14 |    29 ||    43
Dodge: Dodged            |    57 |    76 ||   133

Table legend: (Time is in decaauts)
 A = Elapsed time spent in this place.
 B = Non-inter-level travel time spent in this place.
 C = Inter-level travel time spent in this place.
 D = Time resting spent in this place.
 E = Time spent auto-exploring this place.
 F = Levels seen in this place.
 G = Mean time per level.
                   A        B        C        D        E       F      G
               +--------+--------+--------+--------+--------+-----+--------+
         Total |   7439 |   7363 |     76 |   4149 |   1934 |   4 | 1859.8 |
       Dungeon |   7439 |   7363 |     76 |   4149 |   1934 |   4 | 1859.8 |
               +--------+--------+--------+--------+--------+-----+--------+

Top non-repeatable levels by time:
     D:3: 2500 daAuts
     D:2: 1830 daAuts
     D:1: 1805 daAuts
     D:4: 1302 daAuts
